| TOP OF THE 1ST |
|
Kingsport Mets batting - Pitching for Johnson City Cardinals : RHP Mario Machado
|
|
Pitching: RHP Mario Machado
|
|
|
Batting: SHB Tyler Maddux
|
0-0: Ball 1-0: Swinging Strike 1-1: Foul Ball, location: 2F 1-2: Strikes out swinging
|
|
Batting: RHB Andy Carrell
|
0-0: Ball 1-0: DOUBLE (Flyball, 8RD, EV 103.8 MPH)
|
|
Batting: LHB Dan Bremseth
|
0-0: Ball 1-0: DOUBLE (Line Drive, 3D, EV 108.8 MPH) Andy Carrell scores
|
|
Batting: LHB Miguel Ramos
|
0-0: Ball 1-0: Ball 2-0: Ball 3-0: Called Strike 3-1: Swinging Strike 3-2: Foul Ball, location: 2F 3-2: Strikes out swinging
|
|
Batting: SHB Nick Daigle
|
0-0: Called Strike 0-1: Foul Ball, location: 2F 0-2: 2-RUN HOME RUN (Flyball, 89XD, EV 108.1 MPH), Distance : 428 ft
|
|
Batting: LHB Matt Baker
|
0-0: Foul Ball, location: 2F 0-1: Ball 1-1: Ball 2-1: Ball 3-1: Base on Balls
|
|
Batting: RHB Chris Graham
|
0-0: Ball 1-0: Ball 2-0: Fielders Choice at 2nd, U6 (Groundball, 6M, EV 86.9 MPH)
|
| Top of the 1st over - 3 runs, 3 hits, 0 errors, 1 left on base; Kingsport 3 - Johnson City 0 |
| BOTTOM OF THE 1ST |
|
Johnson City Cardinals batting - Pitching for Kingsport Mets : LHP David Salcido
|
|
Pitching: LHP David Salcido
|
|
|
Batting: RHB Robby Hickman
|
0-0: Called Strike 0-1: Called Strike 0-2: Foul Ball, location: 2F 0-2: Foul Ball, location: 2F 0-2: Ball 1-2: Ground out 5-3 (Groundball, 56S, EV 85.0 MPH)
|
|
Batting: RHB Herbert Loveless
|
0-0: Ball 1-0: Ball 2-0: Called Strike 2-1: Called Strike 2-2: Ball 3-2: Fly out, F9 (Flyball, 9D, EV 86.9 MPH)
|
|
Batting: RHB Tim Jobe
|
0-0: Foul Ball, location: 2F 0-1: Called Strike 0-2: Ball 1-2: Fly out, F9 (Line Drive, 89M, EV 104.4 MPH)
|
| Bottom of the 1st over - 0 runs, 0 hits, 0 errors, 0 left on base; Kingsport 3 - Johnson City 0 |
| TOP OF THE 2ND |
|
Kingsport Mets batting - Pitching for Johnson City Cardinals : RHP Mario Machado
|
|
Batting: RHB Roberto Delgado
|
0-0: Ground out 1-3 (Groundball, 13S, EV 70.6 MPH)
|
|
Batting: LHB Jeremy Moorehead
|
0-0: Called Strike 0-1: Called Strike 0-2: Ball 1-2: Foul Ball, location: 2F 1-2: Foul Ball, location: 2F 1-2: SINGLE (Groundball, 6S, EV 65.0 MPH) (infield hit)
|
|
Batting: SHB Tyler Maddux
|
0-0: Called Strike 0-1: Foul Ball, location: 2F 0-2: Foul Ball, location: 2F 0-2: Foul Ball, location: 2F 0-2: Foul Ball, location: 2F 0-2: Strikes out swinging
|
|
Batting: RHB Andy Carrell
|
0-0: Foul Ball, location: 2F 0-1: Ball 1-1: Foul Ball, location: 2F 1-2: Ball 2-2: SINGLE (Groundball, 23, EV 72.5 MPH) (infield hit) Jeremy Moorehead to second
|
|
Batting: LHB Dan Bremseth
|
0-0: Ball 1-0: Ball 2-0: Foul Ball, location: 2F 2-1: Called Strike 2-2: Ball 3-2: Foul Ball, location: 2F 3-2: Ground out 1-3 (Groundball, 13, EV 76.9 MPH)
|
| Top of the 2nd over - 0 runs, 2 hits, 0 errors, 2 left on base; Kingsport 3 - Johnson City 0 |
| BOTTOM OF THE 2ND |
|
Johnson City Cardinals batting - Pitching for Kingsport Mets : LHP David Salcido
|
|
Batting: RHB Kyle Burns
|
0-0: Called Strike 0-1: Ball 1-1: Foul Ball, location: 2F 1-2: Fly out, F8 (Flyball, 8RS, EV 91.2 MPH)
|
|
Batting: RHB Adam Hudson
|
0-0: Ball 1-0: Called Strike 1-1: Foul Ball, location: 2F 1-2: Foul Ball, location: 2F 1-2: Foul Ball, location: 2F 1-2: Ball 2-2: Ball 3-2: Strikes out swinging
|
|
Batting: RHB Tim Williams
|
0-0: Called Strike 0-1: Ball 1-1: Ball 2-1: Foul Ball, location: 2F 2-2: Foul Ball, location: 2F 2-2: Ball 3-2: Foul Ball, location: 2F 3-2: SINGLE (Groundball, 6MS, EV 70.6 MPH) (infield hit)
|
|
Batting: RHB Geoff Musico
|
0-0: Called Strike 0-1: Ball 1-1: Called Strike 1-2: Ball 2-2: Foul Ball, location: 2F 2-2: Strikes out swinging
|
| Bottom of the 2nd over - 0 runs, 1 hit, 0 errors, 1 left on base; Kingsport 3 - Johnson City 0 |
| TOP OF THE 3RD |
|
Kingsport Mets batting - Pitching for Johnson City Cardinals : RHP Mario Machado
|
|
Batting: LHB Miguel Ramos
|
0-0: Foul Ball, location: 2F 0-1: Ball 1-1: Called Strike 1-2: Ball 2-2: Foul Ball, location: 2F 2-2: Strikes out looking
|
|
Batting: SHB Nick Daigle
|
0-0: Called Strike 0-1: Called Strike 0-2: Ball 1-2: Ball 2-2: Ball 3-2: Fly out, F7 (Flyball, 78M, EV 88.1 MPH)
|
|
Batting: LHB Matt Baker
|
0-0: Ball 1-0: Ball 2-0: Ball 3-0: Base on Balls
|
|
Batting: RHB Chris Graham
|
0-0: 2-RUN HOME RUN (Flyball, 7D, EV 98.8 MPH), Distance : 384 ft
|
|
Pitching: LHP Heriberto Flores
|
|
|
Batting: RHB Roberto Delgado
|
0-0: Ball 1-0: Swinging Strike 1-1: SINGLE (Groundball, 56D, EV 96.9 MPH)
|
|
Batting: LHB Jeremy Moorehead
|
0-0: Called Strike 0-1: Ball 1-1: Ball 2-1: Swinging Strike 2-2: Strikes out looking
|
| Top of the 3rd over - 2 runs, 2 hits, 0 errors, 1 left on base; Kingsport 5 - Johnson City 0 |
| BOTTOM OF THE 3RD |
|
Johnson City Cardinals batting - Pitching for Kingsport Mets : LHP David Salcido
|
|
Batting: RHB Bobby Miles
|
0-0: Called Strike 0-1: Called Strike 0-2: Ball 1-2: Strikes out swinging
|
|
Batting: RHB Edgar Klockow
|
0-0: Called Strike 0-1: Foul Ball, location: 2F 0-2: Strikes out swinging
|
|
Batting: RHB Robby Hickman
|
0-0: Ball 1-0: Ball 2-0: Called Strike 2-1: Hit by Pitch
|
|
Batting: RHB Herbert Loveless
|
0-0: Ball 1-0: Ball 2-0: Foul Ball, location: 2F 2-1: Ball 3-1: Foul Ball, location: 2F 3-2: Strikes out looking
|
| Bottom of the 3rd over - 0 runs, 0 hits, 0 errors, 1 left on base; Kingsport 5 - Johnson City 0 |
| TOP OF THE 4TH |
|
Kingsport Mets batting - Pitching for Johnson City Cardinals : LHP Heriberto Flores
|
|
Batting: SHB Tyler Maddux
|
0-0: Ball 1-0: Ball 2-0: Ball 3-0: Called Strike 3-1: Called Strike 3-2: SOLO HOME RUN (Flyball, 78XD, EV 106.2 MPH), Distance : 410 ft
|
|
Batting: RHB Andy Carrell
|
0-0: Called Strike 0-1: SINGLE (Line Drive, 9S, EV 90.0 MPH)
|
|
Batting: LHB Dan Bremseth
|
0-0: 2-RUN HOME RUN (Flyball, 9D, EV 98.8 MPH), Distance : 384 ft
|
|
Batting: LHB Miguel Ramos
|
0-0: Foul Ball, location: 2F 0-1: Ball 1-1: Foul Ball, location: 2F 1-2: Foul Ball, location: 2F 1-2: Ball 2-2: Foul Ball, location: 2F 2-2: Ball 3-2: SINGLE (Line Drive, 89S, EV 96.2 MPH)
|
|
Pitching: RHP Francisco Galindo
|
|
|
Batting: SHB Nick Daigle
|
0-0: Ball 1-0: Ball 2-0: Ball Passed Ball! Miguel Ramos to second 3-0: Base on Balls
|
|
Batting: LHB Matt Baker
|
0-0: Foul Ball, location: 2F 0-1: Fielders Choice at 2nd, 4-6 (Groundball, 4, EV 106.9 MPH) Miguel Ramos to third
|
|
Batting: RHB Chris Graham
|
0-0: Foul Ball, location: 2F 0-1: Ball 1-1: Swinging Strike 1-2: Ball 2-2: Strikes out swinging
|
|
Batting: RHB Roberto Delgado
|
0-0: Ball 1-0: Foul Ball, location: 2F 1-1: Foul Ball, location: 2F 1-2: Strikes out swinging
|
| Top of the 4th over - 3 runs, 4 hits, 0 errors, 2 left on base; Kingsport 8 - Johnson City 0 |
| BOTTOM OF THE 4TH |
|
Johnson City Cardinals batting - Pitching for Kingsport Mets : LHP David Salcido
|
|
Batting: RHB Tim Jobe
|
0-0: Foul Ball, location: 2F 0-1: Called Strike 0-2: Ball 1-2: Strikes out swinging
|
|
Batting: RHB Kyle Burns
|
0-0: Called Strike 0-1: Swinging Strike 0-2: Ball 1-2: Strikes out looking
|
|
Batting: RHB Adam Hudson
|
0-0: Ball 1-0: Ball 2-0: SINGLE (Groundball, 34D, EV 101.9 MPH)
|
|
Batting: RHB Tim Williams
|
0-0: Ball 1-0: Ball 2-0: Called Strike 2-1: Called Strike 2-2: Strikes out swinging
|
| Bottom of the 4th over - 0 runs, 1 hit, 0 errors, 1 left on base; Kingsport 8 - Johnson City 0 |
| TOP OF THE 5TH |
|
Kingsport Mets batting - Pitching for Johnson City Cardinals : RHP Francisco Galindo
|
|
Batting: LHB Jeremy Moorehead
|
0-0: Ball 1-0: Ground out 1-3 (Groundball, 15S, EV 63.8 MPH)
|
|
Batting: SHB Tyler Maddux
|
0-0: Swinging Strike 0-1: Foul Ball, location: 2F 0-2: Strikes out looking
|
|
Batting: RHB Andy Carrell
|
0-0: Ball 1-0: Foul Ball, location: 2F 1-1: Foul Ball, location: 2F 1-2: Ball 2-2: Ball 3-2: Base on Balls
|
|
Pitching: LHP Craig Soole
|
|
|
Batting: LHB Dan Bremseth
|
0-0: Ball 1-0: Ball 2-0: Called Strike 2-1: Ball 3-1: 2-RUN HOME RUN (Flyball, 89XD, EV 106.9 MPH), Distance : 410 ft
|
|
Batting: LHB Miguel Ramos
|
0-0: Fly out, F8 (Flyball, 78M, EV 86.2 MPH)
|
| Top of the 5th over - 2 runs, 1 hit, 0 errors, 0 left on base; Kingsport 10 - Johnson City 0 |
| BOTTOM OF THE 5TH |
|
Johnson City Cardinals batting - Pitching for Kingsport Mets : LHP David Salcido
|
|
Batting: RHB Geoff Musico
|
0-0: Called Strike 0-1: SINGLE (Groundball, 3D, EV 104.4 MPH)
|
|
Batting: RHB Bobby Miles
|
0-0: Fly out, F8 (Flyball, 78M, EV 93.8 MPH)
|
|
Batting: RHB Edgar Klockow
|
0-0: Ball Wild Pitch! Geoff Musico to second 1-0: Reached on error, E6 (Groundball, 6, EV 87.5 MPH) Geoff Musico to third
|
|
Batting: RHB Robby Hickman
|
0-0: Ball Edgar Klockow steals 2nd base 1-0: Foul Ball, location: 2F 1-1: Ball Passed Ball! Geoff Musico scores Edgar Klockow to third 2-1: Fly out, F6 (Popup, 6MD, EV 51.9 MPH)
|
|
Batting: RHB Herbert Loveless
|
0-0: Foul Ball, location: 2F 0-1: Ball 1-1: Foul Ball, location: 2F 1-2: Strikes out swinging
|
| Bottom of the 5th over - 1 run, 1 hit, 1 error, 1 left on base; Kingsport 10 - Johnson City 1 |
| TOP OF THE 6TH |
|
Kingsport Mets batting - Pitching for Johnson City Cardinals : LHP Craig Soole
|
|
Batting: SHB Nick Daigle
|
0-0: Called Strike 0-1: Swinging Strike 0-2: Strikes out looking
|
|
Batting: LHB Matt Baker
|
0-0: Called Strike 0-1: Swinging Strike 0-2: Strikes out swinging
|
|
Batting: RHB Chris Graham
|
0-0: Called Strike 0-1: Ball 1-1: Foul Ball, location: 2F 1-2: Strikes out swinging, 2-3 out at first.
|
| Top of the 6th over - 0 runs, 0 hits, 0 errors, 0 left on base; Kingsport 10 - Johnson City 1 |
| BOTTOM OF THE 6TH |
|
Johnson City Cardinals batting - Pitching for Kingsport Mets : LHP David Salcido
|
|
Batting: RHB Tim Jobe
|
0-0: Ball 1-0: Called Strike 1-1: Foul Ball, location: 2F 1-2: Ball 2-2: Ground out U3 (Groundball, 13, EV 87.5 MPH)
|
|
Batting: RHB Kyle Burns
|
0-0: Ball 1-0: Ground out 6-3 (Groundball, 56, EV 93.1 MPH)
|
|
Batting: RHB Adam Hudson
|
0-0: Foul Ball, location: 2F 0-1: Foul Ball, location: 2F 0-2: Foul Ball, location: 2F 0-2: SOLO HOME RUN (Flyball, 78XD, EV 98.1 MPH), Distance : 408 ft
|
|
Batting: RHB Tim Williams
|
0-0: Fly out, F9 (Flyball, 9LS, EV 80.0 MPH)
|
| Bottom of the 6th over - 1 run, 1 hit, 0 errors, 0 left on base; Kingsport 10 - Johnson City 2 |
| TOP OF THE 7TH |
|
Kingsport Mets batting - Pitching for Johnson City Cardinals : LHP Craig Soole
|
|
Batting: RHB Roberto Delgado
|
0-0: Called Strike 0-1: Ball 1-1: Called Strike 1-2: Foul Ball, location: 2F 1-2: Ball 2-2: Foul Ball, location: 2F 2-2: Strikes out swinging
|
|
Batting: LHB Jeremy Moorehead
|
0-0: Called Strike 0-1: Swinging Strike 0-2: Strikes out swinging
|
|
Batting: SHB Tyler Maddux
|
0-0: Ball 1-0: Ball 2-0: Ball 3-0: Called Strike 3-1: Ground out 6-3 (Groundball, 6, EV 88.1 MPH)
|
| Top of the 7th over - 0 runs, 0 hits, 0 errors, 0 left on base; Kingsport 10 - Johnson City 2 |
| BOTTOM OF THE 7TH |
|
Johnson City Cardinals batting - Pitching for Kingsport Mets : LHP David Salcido
|
|
Pitching: RHP Jose Herrera
|
|
|
Batting: RHB Geoff Musico
|
0-0: Called Strike 0-1: Foul Ball, location: 2F 0-2: Foul Ball, location: 2F 0-2: Ball 1-2: SINGLE (Groundball, 56D, EV 106.9 MPH)
|
|
Batting: RHB Bobby Miles
|
0-0: Ball Passed Ball! Geoff Musico to second 1-0: Swinging Strike 1-1: Foul Ball, location: 2F 1-2: Fly out, F7 (Flyball, 7S, EV 83.1 MPH)
|
|
Batting: RHB Edgar Klockow
|
0-0: Foul Ball, location: 2F 0-1: Ground out 5-3 (Groundball, 56D, EV 91.9 MPH)
|
|
Batting: RHB Robby Hickman
|
0-0: Called Strike 0-1: Ball 1-1: Ball Wild Pitch! Geoff Musico to third 2-1: Swinging Strike 2-2: Ball Passed Ball! Geoff Musico scores 3-2: Foul Ball, location: 2F 3-2: Foul Ball, location: 2F 3-2: SINGLE (Groundball, 34D, EV 98.1 MPH)
|
|
Batting: RHB Herbert Loveless
|
0-0: Called Strike Robby Hickman steals 2nd base (no throw) 0-1: Foul Ball, location: 2F 0-2: Ball 1-2: Strikes out swinging
|
| Bottom of the 7th over - 1 run, 2 hits, 0 errors, 1 left on base; Kingsport 10 - Johnson City 3 |
| TOP OF THE 8TH |
|
Kingsport Mets batting - Pitching for Johnson City Cardinals : LHP Craig Soole
|
|
Batting: RHB Andy Carrell
|
0-0: Ball 1-0: Called Strike 1-1: Foul Ball, location: 2F 1-2: Strikes out swinging
|
|
Batting: LHB Dan Bremseth
|
0-0: Foul Ball, location: 2F 0-1: Ball 1-1: SOLO HOME RUN (Flyball, 9LD, EV 93.1 MPH), Distance : 343 ft
|
|
Pitching: RHP Kiyoyuki Abe
|
|
|
Batting: LHB Miguel Ramos
|
0-0: Ball 1-0: Ball 2-0: Called Strike 2-1: Ball 3-1: Swinging Strike 3-2: Strikes out swinging
|
|
Batting: SHB Nick Daigle
|
0-0: Ball 1-0: Called Strike 1-1: Foul Ball, location: 2F 1-2: Ball 2-2: SOLO HOME RUN (Flyball, 9LD, EV 91.2 MPH), Distance : 338 ft
|
|
Batting: LHB Matt Baker
|
0-0: Foul Ball, location: 2F 0-1: DOUBLE (Flyball, 8LD, EV 97.5 MPH)
|
|
Batting: RHB Chris Graham
|
0-0: Called Strike 0-1: Ball 1-1: Ball 2-1: Foul Ball, location: 2F 2-2: Ball 3-2: Base on Balls
|
|
Pitching: RHP Daniel Boulter
|
|
|
Batting: RHB Roberto Delgado
|
0-0: Ball 1-0: Ground out 4-3 (Groundball, 34, EV 81.9 MPH)
|
| Top of the 8th over - 2 runs, 3 hits, 0 errors, 2 left on base; Kingsport 12 - Johnson City 3 |
| BOTTOM OF THE 8TH |
|
Johnson City Cardinals batting - Pitching for Kingsport Mets : RHP Jose Herrera
|
|
Batting: RHB Tim Jobe
|
0-0: Called Strike 0-1: Foul Ball, location: 2F 0-2: Foul Ball, location: 2F 0-2: Ball 1-2: Foul Ball, location: 2F 1-2: Ball 2-2: Foul Ball, location: 2F 2-2: Ground out 5-3 (Groundball, 56, EV 103.1 MPH)
|
|
Pitching: RHP Rob Fennell
|
|
|
Batting: RHB Kyle Burns
|
0-0: Called Strike 0-1: Swinging Strike 0-2: Ball 1-2: Ball 2-2: Foul Ball, location: 2F 2-2: Strikes out swinging
|
|
Batting: RHB Adam Hudson
|
0-0: Called Strike 0-1: Ball 1-1: Ball 2-1: Foul Ball, location: 2F 2-2: Strikes out swinging
|
| Bottom of the 8th over - 0 runs, 0 hits, 0 errors, 0 left on base; Kingsport 12 - Johnson City 3 |
| TOP OF THE 9TH |
|
Kingsport Mets batting - Pitching for Johnson City Cardinals : RHP Daniel Boulter
|
|
Batting: LHB Jeremy Moorehead
|
0-0: Ball 1-0: Fly out, F8 (Line Drive, 8LM, EV 91.2 MPH)
|
|
Batting: SHB Tyler Maddux
|
0-0: Ball 1-0: Fly out, F9 (Flyball, 9, EV 89.4 MPH)
|
|
Batting: RHB Andy Carrell
|
0-0: Fly out, F9 (Flyball, 89M, EV 95.6 MPH)
|
| Top of the 9th over - 0 runs, 0 hits, 0 errors, 0 left on base; Kingsport 12 - Johnson City 3 |
| BOTTOM OF THE 9TH |
|
Johnson City Cardinals batting - Pitching for Kingsport Mets : RHP Rob Fennell
|
|
Batting: RHB Tim Williams
|
0-0: Foul Ball, location: 2F 0-1: Foul Ball, location: 2F 0-2: Foul Ball, location: 2F 0-2: Ball 1-2: Fly out, F7 (Flyball, 7, EV 95.0 MPH)
|
|
Batting: RHB Geoff Musico
|
0-0: Called Strike 0-1: Foul Ball, location: 2F 0-2: Ball 1-2: Foul Ball, location: 2F 1-2: Strikes out looking
|
|
Batting: RHB Bobby Miles
|
0-0: Ball 1-0: Ball 2-0: Foul Ball, location: 2F 2-1: Ball 3-1: Called Strike 3-2: Foul Ball, location: 2F 3-2: Foul Ball, location: 2F 3-2: Ground out 6-3 (Groundball, 6, EV 105.0 MPH)
|
| Bottom of the 9th over - 0 runs, 0 hits, 0 errors, 0 left on base; Kingsport 12 - Johnson City 3 |
|